 Dungeon Crawl Stone Soup version 0.31-a0-473-g61b50ae490 (webtiles) character file.

Game seed: 2551738159677129761

155 horus123 the Digger (level 4, -8/33 HPs)
             Began as a Demigod Earth Elementalist on Aug 6, 2023.
             Killed by nerve-wracking pain
             ... invoked by an orc priest
              (11 damage)
             ... on level 3 of the Dungeon.
             The game lasted 00:04:28 (2919 turns).

horus123 the Digger (Demigod Earth Elementalist)    Turns: 2919, Time: 00:04:29

Health: -8/33      AC:  5    Str:  9    XL:     4   Next: 90%
Magic:  3/9        EV: 12    Int: 21    God:
Gold:   75         SH:  0    Dex: 14    Spells: 2/6 levels left

rFire   . . .        h - staff of conjuration
rCold   . . .        (no shield)
rNeg    . . .        a - +0 robe
rPois   .            (no helmet)
rElec   .            q - +0 cloak
rCorr   .            o - +0 pair of gloves
SInv    .            m - +0 pair of boots
Will    .....        (no amulet)
Stlth   ++           (no ring)
HPRegen 0.25/turn    (no ring)
MPRegen 0.11/turn

%: no passive effects
@: no status effects
A: high MP 1, forlorn, divine attributes
a: no special abilities


You were on level 3 of the Dungeon.
You visited 1 branch of the dungeon, and saw 3 of its levels.

You collected 165 gold pieces.
You spent 90 gold pieces at shops.

Inventory:

Hand Weapons
 f - a +0 mace
 r - a +2 quarterstaff of chaos
 v - a +2 dagger of speed
Armour
 a - a +0 robe (worn)
 m - a +0 pair of boots (worn)
 o - a +0 pair of gloves (worn)
 q - a +0 cloak (worn)
Magical Staves
 h - a staff of conjuration (weapon)
Scrolls
 c - a scroll of teleportation {unknown}
 d - a scroll of identify {unknown}
 g - 2 scrolls of fog {unknown}
 i - a scroll of immolation {unknown}
 l - 2 scrolls of noise {unknown}
 t - a scroll of enchant armour {unknown}
Potions
 b - a potion of magic
 e - a potion of heal wounds {unknown}
 j - a potion of haste {unknown}
 k - a potion of ambrosia {unknown}
 n - 2 potions of lignification {unknown}
 p - a potion of cancellation {unknown}
 s - a potion of curing
 u - a potion of brilliance {unknown}


   Skills:
 - Level 1.7 Dodging
 - Level 1.7 Stealth
 + Level 1.8 Spellcasting
 - Level 3.2 Conjurations
 - Level 0.8 Transmutations
 - Level 4.0 Earth Magic


You had 2 spell levels left.
You knew the following spells:

 Your Spells              Type           Power      Damage    Failure   Level
a - Sandblast             Erth           36%        2d10      2%          1
b - Stone Arrow           Conj/Erth      50%        3d10      10%         3

Your spell library contained the following spells:

 Spells                   Type           Power      Damage    Failure   Level
 Kiss of Death            Conj/Necr      52%        2d9       8%          1
 Passwall                 Tmut/Erth      10%        N/A       9%          2
 Mephitic Cloud           Conj/Pois/Air  9%         N/A       28%         3
 Confusing Touch          Hex            1%         N/A       41%         3
 Petrify                  Tmut/Erth      12%        N/A       50%         4
 Dispel Undead            Necr           1%         3d6       83%         4
 Fireball                 Conj/Fire      6%         3d5       91%         5
 Leda's Unmaking          Conj/Erth      12%        9d3       99%         6
 Starburst                Conj/Fire      6%         6d4       100%        6


Dungeon Overview and Level Annotations

Branches:
Dungeon (3/15)

Shops:
D:2 (


Innate Abilities, Weirdness & Mutations

You have an increased reservoir of magic. (+10% MP)
You shall have no god before yourself.
Your divine heritage dramatically boosts your attributes as you level up.


Message History

The orc priest moves out of view.
An orc comes into view. It is wielding a +0 club.
The orc shouts!
The blast of sand hits the orc but does no damage.
The orc hits you with a +0 mace.
The blast of sand hits the orc but does no damage.
The orc priest begins to cast a cantrip, but forgets the words!
Aiming: Sandblast (safe; 3% risk of failure)
Press: ? - help, Q - select action Shift-Dir - straight line, f/p - orc
Aim: an orc, wielding a +0 mace and wearing a +0 chain mail (87% to hit)
The blast of sand hits the orc!
You kill the orc!
Aiming: Sandblast (safe; 2% risk of failure)
Press: ? - help, Q - select action Shift-Dir - straight line, f/p - orc
Aim: an orc, wielding a +0 mace and wearing a +0 chain mail (87% to hit)
The blast of sand hits the orc but does no damage.
Unknown command.
Aiming: Sandblast (safe; 2% risk of failure)
Press: ? - help, Q - select action Shift-Dir - straight line, f/p - orc
Aim: an orc, wielding a +0 mace and wearing a +0 chain mail (87% to hit)
The blast of sand hits the orc.
You kill the orc!
The orc priest invokes the aid of Beogh against you.
Beogh smites you!
Aiming: Sandblast (safe; 2% risk of failure)
Press: ? - help, Q - select action Shift-Dir - straight line, f - orc priest
Aim: an orc priest, wielding a +0 hand axe (82% to hit)
The blast of sand hits the orc priest!
The orc priest is severely wounded.
Aiming: Sandblast (safe; 2% risk of failure)
Press: ? - help, Q - select action Shift-Dir - straight line, f/p - orc priest
Aim: an orc priest, wielding a +0 hand axe (severely wounded, 82% to hit)
The blast of sand hits the orc priest!
You kill the orc priest!
The orc priest invokes the aid of Beogh against you.
Pain shoots through your body!
* * * LOW HITPOINT WARNING * * *
The orc priest calls down the wrath of Beogh upon you.
Pain shoots through your body!
You die...

####.......# #.#
#..####.##o..
###..###...#o#
########)...........
............###...#
######.......# #)# #
#......># #o# #
#.[.....# #)# #
##.....## #@# #
##...## #.# # ##.##
#.# # #.# #.# # #.#
##.# # #.# #..# #
####.# #.## # #....#
#.# #.#### #.#


You could see an orc priest.

Vanquished Creatures
  An orc priest (D:3)
  Crazy Yiuf (D:2)
  An iguana (D:3)
  3 adders
  A white imp (D:3)
  A worm (D:2)
  A dart slug (D:3)
  2 orcs (D:3)
  8 bats
  2 endoplasms
  3 giant cockroaches
  3 goblins
  3 hobgoblins
  6 jackals
  8 kobolds
  3 quokkas
  6 ball pythons
  3 frilled lizards
  7 rats
63 creatures vanquished.

Notes
Turn   | Place    | Note
-------+----------+-------------------------------------------
     0 | D:1      | horus123 the Demigod Earth Elementalist began the quest for
                  | the Orb.
     0 | D:1      | Reached XP level 1. HP: 14/14 MP: 5/5
    46 | D:1      | Reached skill level 3 in Earth Magic
   281 | D:1      | Reached XP level 2. HP: 20/20 MP: 5/7
   944 | D:2      | Reached skill level 4 in Earth Magic
   944 | D:2      | Reached XP level 3. HP: 26/26 MP: 0/8
  1075 | D:2      | Learned a level 3 spell: Stone Arrow
  1159 | D:2      | Found Hehuidoup's Weapon Shoppe.
  1458 | D:2      | Reached skill level 1 in Conjurations
  1560 | D:2      | Found a runed translucent door.
  1561 | D:2      | Noticed Crazy Yiuf
  1949 | D:2      | Killed Crazy Yiuf
  1950 | D:2      | Reached XP level 4. HP: 18/33 MP: 4/9
  2249 | D:3      | Got Jayhoem's Directory of Tectonic Conjuration
  2384 | D:3      | Found Zin's Purification Station.
  2390 | D:3      | Bought a potion of curing for 90 gold pieces
  2919 | D:3      | Killed from afar by an orc priest

Illustrated notes

Levels and vault maps discovered:
D:1:      lemuel_arrival_lava_pool, layout_loops_cross
D:2:      layout_basic, serial_shops, shop, uniq_crazy_yiuf_cottage
D:3:      layout_loops_ring, zin_purify, marbit_many_paths,
          mainiacjoe_overflow_paths, mainiacjoe_overflow_alcove_1,
          nzn_wu_jian_contemplation

Skill      XL: |  1  2  3  4 |
---------------+-------------+-----
Earth Magic    | 3 4 |  4.0
Conjurations   | 2 3 |  3.2
Dodging        | |  1.7
Stealth        | |  1.7
Spellcasting   | |  1.8
Transmutations | |  0.8

Action                     |  1- 3 |  4- 6 || total
---------------------------+-------+-------++-------
  Melee: Unarmed           |     4 |       ||     4
   Cast: Sandblast         |    66 |    36 ||   102
 Armour: Robe              |     8 |     1 ||     9
  Dodge: Dodged            |    23 |     5 ||    28

Table legend: (Time is in decaauts)
 A = Elapsed time spent in this place.
 B = Non-inter-level travel time spent in this place.
 C = Inter-level travel time spent in this place.
 D = Time resting spent in this place.
 E = Time spent auto-exploring this place.
 F = Levels seen in this place.
 G = Mean time per level.
                   A        B        C        D        E       F      G
               +--------+--------+--------+--------+--------+-----+--------+
         Total |   2967 |   2875 |     92 |    173 |   2289 |   3 |  989.0 |
       Dungeon |   2967 |   2875 |     92 |    173 |   2289 |   3 |  989.0 |
               +--------+--------+--------+--------+--------+-----+--------+

Top non-repeatable levels by time:
     D:2: 1213 daAuts
     D:1: 886 daAuts
     D:3: 867 daAuts
